 Dungeon Crawl Stone Soup version 0.28.0-53-g5a82cb258f (webtiles) character file.

Game seed: 18125371264857930262

7 SHADDY the Shield-Bearer (level 2, 16/16 HPs)
             Began as a Vine Stalker Fighter on June 25, 2022.
             Was a Follower of Wu Jian.
             Quit the game on level 1 of the Dungeon.
             The game lasted 00:00:14 (280 turns).

SHADDY the Shield-Bearer (Vine Stalker Fighter)      Turns: 280, Time: 00:00:15

Health: 16/16      AC:  6    Str: 18    XL:     2   Next: 4%
Magic:  3/3        EV:  9    Int:  8    God:    Wu Jian [*.....]
Gold:   8          SH:  4    Dex: 13    Spells: 1/1 levels left

rFire   . . .      SeeInvis .   a - +0 rapier
rCold   . . .      Faith    .   c - +0 buckler
rNeg    . . .      Spirit   +   b - +0 scale mail
rPois   .          Reflect  .   (no helmet)
rElec   .          Harm     .   (no cloak)
rCorr   .          Rampage  .   (no gloves)
Will    .....                   (no boots)
Stlth   ..........              (no amulet)
HPRegen 0.05/turn               (no ring)
MPRegen 0.08/turn               (no ring)

@: no status effects
A: fangs 2, magic shield, antimagic bite, no potion heal 2
a: Renounce Religion


You were on level 1 of the Dungeon.
You worshipped Wu Jian.
Wu Jian was aware of your devotion.
You visited 1 branch of the dungeon, and saw 1 of its levels.

You collected 8 gold pieces.

Inventory:

Hand Weapons
 a - a +0 rapier (weapon)
Armour
 b - a +0 scale mail (worn)
 c - a +0 buckler (worn)
Jewellery
 e - a ring of poison resistance
Scrolls
 f - a scroll of teleportation {unknown}
Potions
 d - a potion of might
 g - 2 potions of degeneration {unknown}


   Skills:
 + Level 2.8 Fighting
 + Level 2.0 Short Blades
 + Level 2.5 Armour
 + Level 2.8 Shields


You had one spell level left.
You didn't know any spells.
Your spell library was empty.

Dungeon Overview and Level Annotations

Branches:
Dungeon (1/15)

Altars:
Wu Jian

Shops:
D:1 !


Innate Abilities, Weirdness & Mutations

You have extremely sharp teeth.
When hurt, damage is shared between your health and your magic reserves.
Your bite disrupts and absorbs the magic of your enemies.
Potions cannot restore your health.


Message History

The bat hits you but does no damage. x2
A bat is nearby!
You puncture the bat!
You kill the bat!
f - a scroll labelled UFEC YPPUCANO You see here a bat corpse.
Things that are here:
a +0 dagger; 2 stones No target in view!
g - 2 fuming black potions No target in view!
Found Musa's Distillery.
No target in view!
A kobold comes into view. It is wielding a +0 whip.
The kobold throws a stone.
The stone barely misses you.
The kobold throws a stone.
The stone hits you.
You see here 2 silvery potions.
A kobold is nearby!
The kobold barely misses you.
A kobold is nearby!
You barely miss the kobold. You bite the kobold, but do no damage.
The kobold hits you but does no damage.
A kobold is nearby!
You hit the kobold.
You kill the kobold!
You have reached level 2!
You open the door.
A frilled lizard comes into view.
Found a faded altar of an unknown god.
There is an open door here.
You hit the frilled lizard.
You kill the frilled lizard!
Your Short Blades skill increases to level 2!
There is a faded altar of an unknown god here.
You cannot tell which god this altar belongs to.
Convert to them anyway?
Wu Jian accepts your prayer! The Council welcomes you!
You can now perform damaging attacks by moving towards foes.
You can now lightly attack monsters by moving around them.
Are you sure you want to abandon this character and quit the game? (Confirm with "yes".)

#.#.# ###.#.#
#.....#
########.8.8.#
.......!.#'#.#
######...#.#...
#.###.###..#
#)#8...8#..#
#.#..@..# .#
#.#8...8# .#
#.###.### #..
#.# ##. #+# .


There were no monsters in sight!

Vanquished Creatures
  An endoplasm (D:1)
  A goblin (D:1)
  2 kobolds (D:1)
  A bat (D:1)
  2 frilled lizards (D:1)
7 creatures vanquished.

Notes
Turn   | Place    | Note
-------+----------+-------------------------------------------
     0 | D:1      | SHADDY the Vine Stalker Fighter began the quest for the
                  | Orb.
     0 | D:1      | Reached XP level 1. HP: 11/11 MP: 2/2
   232 | D:1      | Found Musa's Distillery.
   266 | D:1      | Reached XP level 2. HP: 16/16 MP: 3/3
   272 | D:1      | Found a faded altar of an unknown god.
   279 | D:1      | Prayed at the altar of an unknown god.
   279 | D:1      | Became a worshipper of the Wu Jian Council
   279 | D:1      | Reached * piety under Wu Jian
   280 | D:1      | Quit the game

Illustrated notes

Levels and vault maps discovered:
D:1:      saegor_arrival_simple_d, layout_basic, serial_shops,
          nicolae_shop_window_shopping,
          dreamdust_ecumenical_altar_angels_and_demons

Skill      XL: |  1  2 |
---------------+-------+-----
Short Blades   | 2 |  2.0
Fighting       | |  2.8
Armour         | |  2.5
Shields        | |  2.8

Action                   || total
-------------------------++-------
Melee: Rapier            ||    12
       Bite              ||     2
Armor: Scale mail        ||    10
Dodge: Dodged            ||     6
Block: Buckler           ||     3
